AoeStats
← reconquista.ad

Arena

510393700Analyzed
2v2 RM · 22h ago on Sep 30, 2026· 55m 27s· 4 players
Game mode
Random Map
Map size
Medium (4 player)
Population
200
Speed
Normal
Resources
Standard
Victory
Conquest
Starting age
Dark Age
Ending age
Imperial Age
RankedLock teamsTeams togetherTeam positionsShared explorationLock speedFull tech treeHidden civsTurbo modeCheats
Victory
Defeat
🇹🇷 Franks · Türkiye
1024
+17
🇹🇷 Turks · Türkiye
1012
+18
🇩🇪 Persians · Germany
1054
-18
🇩🇪 Japanese · Germany
1038
-17
EtZeL
10:33 Feudal Age
17:40 Castle Age
15:57 Town Watch
16:29 Double-Bit Axe
17:14 Loom
24:51 Squires
26:29 Bow Saw
26:35 Fletching
26:17 Pikeman
26:58 Scale Mail Armor
32:12 Imperial Age
29:53 Gambesons
30:39 Forging
30:28 Bodkin Arrow
31:26 Wheelbarrow
33:17 Scale Barding Armor
34:11 Hand Cart
34:22 Chain Barding Armor
35:47 Plate Barding Armor
35:21 Husbandry
36:08 Town Patrol
36:25 Chain Mail Armor
36:33 Cavalier
39:56 Plate Mail Armor
42:28 Iron Casting
42:14 Halberdier
44:39 Blast Furnace
43:16 Man-at-Arms
43:48 Elite Skirmisher
46:07 Capped Ram
47:11 Heavy Scorpion
47:17 Cranequins
50:51 Arson
52:07 Gold Mining
51:47 Paladin
53:01 Padded Archer Armor
reconquista.ad
10:24 Feudal Age
15:12 Castle Age
13:12 Double-Bit Axe
13:10 Horse Collar
26:38 Imperial Age
24:00 Gold Mining
24:22 Bow Saw
29:11 Fletching
31:51 Padded Archer Armor
32:42 Bodkin Arrow
37:11 Leather Archer Armor
39:47 Bloodlines
39:38 Husbandry
44:17 Scale Barding Armor
46:50 Bracer
50:59 Ring Archer Armor
51:28 Chain Barding Armor
53:33 Plate Barding Armor
54:56 Forging
matzoder
9:47 Feudal Age
18:27 Castle Age
18:46 Double-Bit Axe
25:53 Gold Mining
30:10 Imperial Age
29:26 Pikeman
30:27 Horse Collar
31:01 Bow Saw
36:31 Conscription
36:46 Scale Mail Armor
36:56 Forging
40:03 Chain Mail Armor
40:24 Iron Casting
41:40 Scale Barding Armor
41:05 Halberdier
45:09 Heavy Plow
47:59 Wheelbarrow
48:18 Plate Mail Armor
52:00 Blast Furnace
51:11 Elite Samurai
52:54 Bloodlines
52:45 Husbandry
Mihawk
1:54 Loom
10:25 Feudal Age
14:02 Castle Age
12:47 Horse Collar
13:31 Double-Bit Axe
15:52 Loom
18:28 Bow Saw
19:05 Heavy Plow
22:20 Town Watch
23:54 Gold Mining
24:11 Fletching
24:30 Scale Barding Armor
25:04 Stone Mining
26:28 Wheelbarrow
27:53 Chain Barding Armor
27:46 Forging
27:37 Scale Mail Armor
29:54 Hand Cart
29:33 Fletching
29:43 Padded Archer Armor
30:14 Kamandaran
29:58 Crossbowman
31:17 Thumb Ring
31:33 Leather Archer Armor
31:16 Bodkin Arrow
32:54 Ballistics
33:05 Masonry
38:34 Chain Barding Armor
39:41 Husbandry
39:52 Bloodlines
39:07 Light Cavalry
39:13 Light Cavalry
51:51 Pikeman
55:03 Pikeman
Connection lost

Rejoining the realm…

Still unreachable

The connection could not be restored.

Session expired

The server has moved on; the page needs a fresh start.